Cogmind - Beta 15 @@@ ROGUE MODE // 2025.07.07 @ 18:38:47 Player: jumpy Result: Self-destructed Performance ------------- Evolutions (2) 1000 Regions Visited (5) 1000 Robots Destroyed (22) 110 Value Destroyed (738) 738 Prototype IDs (23) 460 Alien Tech Used (0) 0 Bonus (300) 300 TOTAL SCORE: 3608 Bonus ------- Aligned with FarCom 300 Cogmind --------- Core Integrity 180/550 Matter 65/300 Energy 99/100 System Corruption 0% Temperature Cool (0) Movement Treading (160) Location -8/Materials Parts ------- > --- POWER (1) -------- (None) > --- PROPULSION (4) --- Light Treads Light Treads > --- UTILITY (4) ------ Large Storage Unit Improved Terrain Scanner > --- WEAPON (2) ------- Advanced Assault Cannon Advanced Assault Cannon > --- INVENTORY (15) --- Wheel Wheel Seismic Detector Chronowheel Light Cannon Advanced Assault Cannon Mining Laser Great Axe Great Axe Great Axe Spear Peak State ------------ > --- POWER ------------ Light Nuclear Core > --- PROPULSION ------- Light Treads Light Treads > --- UTILITY ---------- Large Storage Unit Improved Terrain Scanner > --- WEAPON ----------- Advanced Assault Cannon Advanced Assault Cannon > --- INVENTORY -------- Wheel Wheel Seismic Detector Chronowheel Light Cannon Mining Laser Great Axe Great Axe Spear [Rating: 20] Favorites ----------- Power Ion Engine Engine Ion Engine Power Core Light Nuclear Core Propulsion Light Treads Treads Light Treads Hover Unit Combat Airjet Utility Large Storage Unit Device Seismic Detector Storage Large Storage Unit Weapon Light Cannon Ballistic Gun Light Assault Rifle Ballistic Cannon Light Cannon Special Weapon Enhanced Flamer Slashing Weapon Great Axe Build | -11 -10 -10 -10 -9 -8 ------- Run | Yrd Mat Min Exi Min Mat Slots Evolved 4 | . . . . . 4 Power . | . . . . . . Propulsion 2 | . . . . . 2 Utility 2 | . . . . . 2 Weapon . | . . . . . . Parts Attached 24 | 8 3 . 2 . 11 Power 3 | 2 . . . . 1 Engine 2 | 2 . . . . . Core 1 | . . . . . 1 Reactor . | . . . . . . Propulsion 6 | 2 . . 2 . 2 Treads 4 | 2 . . . . 2 Leg . | . . . . . . Wheel . | . . . . . . Hover 2 | . . . 2 . . Flight . | . . . . . . Utility 4 | 2 1 . . . 1 Device 2 | 1 . . . . 1 Storage 2 | 1 1 . . . . Processor . | . . . . . . Hackware . | . . . . . . Protection . | . . . . . . Artifact . | . . . . . . Weapon 11 | 2 2 . . . 7 Energy Gun . | . . . . . . Energy Cannon . | . . . . . . Ballistic Gun 2 | 2 . . . . . Ballistic Cannon 6 | . 2 . . . 4 Launcher . | . . . . . . Special Weapon 1 | . . . . . 1 Impact Weapon . | . . . . . . Slashing Weapon 2 | . . . . . 2 Piercing Weapon . | . . . . . . Special Melee Weapon . | . . . . . . Unidentified Prototypes . | . . . . . . Parts Lost 11 | . . 5 . . 6 Power 3 | . . 1 . . 2 Propulsion 3 | . . 2 . . 1 Utility 1 | . . . . . 1 Weapon 4 | . . 2 . . 2 Highest Loss Streak 5 | . . 5 . . 2 To Critical Strikes . | . . . . . . Average Backups 8 | 3 8 11 9 10 9 Power . | . 1 1 . . . Propulsion 3 | 1 3 5 4 4 2 Utility 1 | . 2 2 2 2 1 Weapon 2 | . 2 3 3 3 3 Tool/Special . | . . . . . . Unused Backups 10 | 2 . . . . 8 Power . | . . . . . . Propulsion 2 | . . . . . 2 Utility 2 | 1 . . . . 1 Weapon 5 | 1 . . . . 4 Tool/Special 1 | . . . . . 1 Average Slot Usage (%) 72 | . 100 96 69 71 47 Engine 9 | . 14 12 12 14 2 Treads 14 | . 28 26 . . 9 Hover 9 | . . . 27 28 8 Device 11 | . 14 14 14 14 6 Storage 12 | . 14 14 14 14 9 Ballistic Gun 1 | . 11 . . . . Ballistic Cannon 12 | . 16 27 . . 8 Peak Build Rating 20 | 8 8 9 15 15 20 Average Rating 11 | 5 7 8 14 15 15 On Entrance 8 | . 7 8 4 15 15 Naked Turns . | . . . . . . Heaviest Build 38 | 13 32 32 24 24 38 Greatest Support 40 | 40 40 40 24 24 40 Greatest Overweight (x) 7 | . . 7 . . 1 Average Overweight (x) . | . . . . . . Largest Inventory Capacity 15 | 8 15 15 15 15 15 Average Capacity 13 | 7 14 15 15 15 15 Most Carried 12 | 8 10 12 11 11 11 Average Carried 9 | 3 8 11 9 10 9 Final Capacity 15 | 8 15 15 15 15 15 Final Carried 12 | 6 10 12 10 11 11 Class Distribution -------------------- 87% | Mutant 12% | Skirmisher Dominant Class ---------------- Mutant | -10/Materials Mutant | -10/Mines Mutant | -10/Exiles Mutant | -9/Mines Mutant | -8/Materials Resources | -11 -10 -10 -10 -9 -8 ----------- Run | Yrd Mat Min Exi Min Mat Matter Collected 675 | 296 . 108 . . 271 Remotely . | . . . . . . Salvage Created 573 | 178 . 132 . . 263 Parts 41 | 13 . 11 . . 17 Haulers Intercepted . | . . . . . . Recyclers Shooed 1 | . . . . . 1 Parts Field Recycled . | . . . . . . Retrieved Matter . | . . . . . . Parts Self-Destructed . | . . . . . . Prevented . | . . . . . . Kills | -11 -10 -10 -10 -9 -8 ------- Run | Yrd Mat Min Exi Min Mat Combat Hostiles Destroyed 15 | . . 5 . . 10 Melee 2 | . . . . . 2 Cannons 13 | . . 5 . . 8 Classes Destroyed 9 | 2 . 3 . . 4 Builder 1 | . . . . . 1 Tunneler 5 | 4 . 1 . . . Recycler 1 | 1 . . . . . Swarmer 1 | . . 1 . . . Grunt 7 | . . 2 . . 5 Duelist 1 | . . . . . 1 Sentry 2 | . . . . . 2 Demolisher 2 | . . 2 . . . Hunter 2 | . . . . . 2 Best Kill Streak 5 | 2 . 2 . . 5 Combat Bots Only 5 | . . 2 . . 5 Max Kills in Single Turn 1 | 1 . 1 . . 1 Gunslinging . | . . . . . . Exploded . | . . . . . . Melee 1 | . . . . . 1 Uniques/NPCs Destroyed . | . . . . . . Combat | -11 -10 -10 -10 -9 -8 -------- Run | Yrd Mat Min Exi Min Mat Hostile Shots Fired 194 | . . 86 . . 108 Missed 51 | . . 22 . . 29 Hits 143 | . . 64 . . 79 Melee 2 | . . . . . 2 Projectile 141 | . . 64 . . 77 AOE 3 | . . 3 . . . Damage Taken 1915 | . . 743 . . 1172 Core 486 | . . 116 . . 370 Absorbed by Shields . | . . . . . . Core Remaining (%) 76 | 100 . . . 53 . Volleys Fired 101 | 23 . 21 . . 57 Largest 2 | 2 . 2 . . 2 Hottest 80 | 40 . 60 . . 80 Shots Fired 161 | 46 . 42 . . 73 Gun 46 | 46 . . . . . Cannon 110 | . . 42 . . 68 Launcher . | . . . . . . Special 5 | . . . . . 5 Kinetic 156 | 46 . 42 . . 68 Thermal 5 | . . . . . 5 Explosive . | . . . . . . Electromagnetic . | . . . . . . Robot Hit Streak 10 | 8 . 2 . . 10 Robot Miss Streak 7 | 3 . 7 . . 6 Penetration Max . | . . . . . . Secondary Targets . | . . . . . . Shots Hit Robots 99 | 31 . 16 . . 52 Core Hits 43 | 10 . 9 . . 24 Critical Kills 1 | 1 . . . . . Critical Parts Destroyed . | . . . . . . Critical Strikes 3 | 1 . 1 . . 1 Destroy 1 | 1 . . . . . Blast 2 | . . 1 . . 1 Melee Attacks 1 | . . . . . 1 Impact . | . . . . . . Slashing 1 | . . . . . 1 Piercing . | . . . . . . Sneak Attacks . | . . . . . . Combat Hostiles . | . . . . . . Follow-up Attacks . | . . . . . . Damage Inflicted 1642 | 243 . 334 . . 1065 Guns 243 | 243 . . . . . Cannons 1278 | . . 334 . . 944 Explosions . | . . . . . . Melee 49 | . . . . . 49 Ramming 37 | . . . . . 37 Kinetic 1521 | 243 . 334 . . 944 Thermal 35 | . . . . . 35 Explosive . | . . . . . . Electromagnetic . | . . . . . . Impact . | . . . . . . Slashing 49 | . . . . . 49 Piercing . | . . . . . . Highest Corruption . | . . . . . . Average Corruption . | . . . . . . Corruption Purged . | . . . . . . Corruption Blocked . | . . . . . . Overload Shots . | . . . . . . Overflow Damage 21 | . . 17 . . 4 Projectiles 21 | . . 17 . . 4 Explosions . | . . . . . . Melee . | . . . . . . Knockbacks 10 | . . 4 . . 6 Impact . | . . . . . . Kinetic 8 | . . 4 . . 4 Secondary 2 | . . . . . 2 Self-Inflicted Damage 2 | . . . . . 2 Shots . | . . . . . . Rammed 11 | . . . . . 11 Targets Rammed 12 | . . . . . 12 Kicked . | . . . . . . Crushed 1 | . . . . . 1 Highest Temperature 120 | . . 54 . . 120 Average Temperature 38 | . . 22 . . 45 Received Heat Transfer 534 | . . 165 . . 369 Siege Activations . | . . . . . . Martial Activations . | . . . . . . Shielding Activations . | . . . . . . Robots Disrupted 1 | . . . . . 1 Combat Hostiles 1 | . . . . . 1 Robots Corrupted . | . . . . . . Combat Hostiles . | . . . . . . Parts Fried . | . . . . . . Impact Corruptions . | . . . . . . Robots Melted . | . . . . . . Combat Hostiles . | . . . . . . Parts Melted . | . . . . . . Heat Transferred 240 | . . . . . 240 Parts Sabotaged . | . . . . . . Parts Stolen . | . . . . . . Parts Stripped . | . . . . . . Power Chain Reactions . | . . . . . . Alert | -11 -10 -10 -10 -9 -8 ------- Run | Yrd Mat Min Exi Min Mat Maximum Alert Level . | . . . . . . Low Security (%) 100 | 100 100 100 . 100 100 Level 1 . | . . . . . . Level 2 . | . . . . . . Level 3 . | . . . . . . Level 4 . | . . . . . . Level 5 . | . . . . . . High Security . | . . . . . . Max Security . | . . . . . . Peak Influence 105 | 5 5 105 . . 100 Initial 3 | . 3 . . . . Average 26 | . . 26 . . 50 Influence Increases 516 | 25 5 220 . . 266 Destroy 0b10 Robot/C 300 | . . 100 . . 200 Destroy 0b10 Robot/NC 35 | 25 . 5 . . 5 Destroy Leader 90 | . . 40 . . 50 Successful Hack 5 | . 5 . . . . Destroy Structure 11 | . . . . . 11 Lose Combat Pursuer 75 | . . 75 . . . Influence Decreases 434 | 20 10 165 55 . 184 Entered New Map 57 | . 2 . 55 . . Time Decay 287 | 20 8 115 . . 144 Lost Part 90 | . . 50 . . 40 Squads Dispatched 2 | . . . . . 2 Investigation 1 | . . . . . 1 Extermination . | . . . . . . Reinforcement 1 | . . . . . 1 Assault . | . . . . . . Garrison . | . . . . . . Intercept . | . . . . . . Searches Triggered . | . . . . . . Construction Impeded . | . . . . . . Haulers Reinforced . | . . . . . . Active Scanning Responses . | . . . . . . Cargo Convoy Interrupts . | . . . . . . Stealth | -11 -10 -10 -10 -9 -8 --------- Run | Yrd Mat Min Exi Min Mat Distress Signals 2 | . . . . . 2 Communications Jammed . | . . . . . . Distress Signals . | . . . . . . Times Spotted 51 | . 1 30 . . 20 Peak Tracking Total 20 | . 1 20 . . 5 Tactical Retreats 3 | . . 3 . . . Traps | -11 -10 -10 -10 -9 -8 ------- Run | Yrd Mat Min Exi Min Mat Traps Triggered 1 | . . . . . 1 Indirectly . | . . . . . . Trap Hack Attempts . | . . . . . . Triggered . | . . . . . . Disarmed . | . . . . . . Reprogrammed . | . . . . . . Reused . | . . . . . . Traps Extracted . | . . . . . . Installed . | . . . . . . Triggered . | . . . . . . Machines | -11 -10 -10 -10 -9 -8 ---------- Run | Yrd Mat Min Exi Min Mat Machines Disabled . | . . . . . . Max in Single Turn . | . . . . . . Machines Repaired . | . . . . . . Machines Dismantled . | . . . . . . Machines Sabotaged . | . . . . . . Overloaded Fab Kills . | . . . . . . Hacking | -11 -10 -10 -10 -9 -8 --------- Run | Yrd Mat Min Exi Min Mat Machines Accessed 3 | . 1 . 2 . . Terminals 1 | . 1 . . . . Fabricators . | . . . . . . Repair Stations . | . . . . . . Recycling Units . | . . . . . . Scanalyzers . | . . . . . . Garrison Access . | . . . . . . Total Hacks 27 | . 3 . 24 . . Successful 25 | . 1 . 24 . . Failed 2 | . 2 . . . . Catastrophic . | . . . . . . Database Lockouts . | . . . . . . Manual 4 | . 3 . 1 . . Terminals 3 | . 3 . . . . Fabricators . | . . . . . . Repair Stations . | . . . . . . Recycling Units . | . . . . . . Scanalyzers . | . . . . . . Garrison Access . | . . . . . . Terminal Hacks 24 | . . . 24 . . Record 23 | . . . 23 . . Proto ID Catalog 1 | . . . 1 . . Fabricator Hacks . | . . . . . . Repair Station Hacks . | . . . . . . Recycling Unit Hacks . | . . . . . . Scanalyzer . | . . . . . . Garrison Access Hacks . | . . . . . . Unauthorized Hacks 1 | . 1 . . . . Terminals 1 | . 1 . . . . Botnet 1 | . 1 . . . . Fabricators . | . . . . . . Repair Stations . | . . . . . . Recycling Units . | . . . . . . Scanalyzers . | . . . . . . Garrison Access . | . . . . . . Data Cores Recovered . | . . . . . . Used . | . . . . . . Hacking Detections 1 | . 1 . . . . Full Trace Events 1 | . 1 . . . . Feedback Events . | . . . . . . Feedback Blocked . | . . . . . . Robot Schematics Acquired . | . . . . . . Robots Built . | . . . . . . Authchips . | . . . . . . Time . | . . . . . . Total Robot Build Rating . | . . . . . . Part Schematics Acquired . | . . . . . . Parts Built . | . . . . . . Authchips . | . . . . . . Time . | . . . . . . Total Part Build Rating . | . . . . . . Parts Repaired . | . . . . . . Time . | . . . . . . Parts Recycled . | . . . . . . Recycled Matter . | . . . . . . Retrieved Matter . | . . . . . . Retrieved Components . | . . . . . . Parts Scanalyzed . | . . . . . . Part Schematics Acquired . | . . . . . . Parts Damaged . | . . . . . . Bothacking | -11 -10 -10 -10 -9 -8 ------------ Run | Yrd Mat Min Exi Min Mat Used RIF Installer . | . . . . . . Robots Hacked . | . . . . . . Non-combat . | . . . . . . Combat . | . . . . . . Robot Hacks Applied . | . . . . . . Relay Couplers Released . | . . . . . . Fabnet Peak Effective % . | . . . . . . Robots Rewired . | . . . . . . Allies Hacked . | . . . . . . Hacks Repelled . | . . . . . . Allies | -11 -10 -10 -10 -9 -8 -------- Run | Yrd Mat Min Exi Min Mat Total Allies . | . . . . . . Largest Group . | . . . . . . Highest-Rated Group . | . . . . . . Highest-Rated Ally . | . . . . . . Total Orders . | . . . . . . Ally Attacks . | . . . . . . Total Damage . | . . . . . . Kills . | . . . . . . Allies Corrupted . | . . . . . . Allies Melted . | . . . . . . Intel | -11 -10 -10 -10 -9 -8 ------- Run | Yrd Mat Min Exi Min Mat Active Infowar (turns) 1143 | 78 118 370 242 43 292 Terrain 150 | . . . . . 150 Seismic 993 | 78 118 370 242 43 142 Robot Analysis Total . | . . . . . . Derelict Logs Recovered 1 | . . 1 . . . Drone Launches . | . . . . . . Drone Recoveries . | . . . . . . Exploration | -11 -10 -10 -10 -9 -8 ------------- Run | Yrd Mat Min Exi Min Mat Turns Passed 1455 | 238 118 370 242 43 444 Spaces Moved 915 | 104 69 178 309 52 203 Core 10 | 6 . 4 . . . Treads 430 | 98 69 174 . . 89 Legs . | . . . . . . Wheels . | . . . . . . Hover 475 | . . . 309 52 114 Flight . | . . . . . . Fastest Speed 50 | 50 160 160 77 77 77 Average Speed 117 | 153 160 167 77 77 114 Slowest Speed 400 | 160 160 400 77 77 160 Overloaded Moves . | . . . . . . Propulsion Burnouts . | . . . . . . Robots Hopped . | . . . . . . Potential Cave-ins . | . . . . . . Cave-ins Triggered . | . . . . . . Exploration Rate (%) 30 | 6 22 46 69 20 19 Regions Visited 5 Branch Regions 3 Pre-discovered Areas 1 | . . . 1 . . Known Exits Taken 1 | . . 1 . . . Unknown Exits Taken 4 | 1 1 . 1 1 . Scrap Searched . | . . . . . . Spaces Dug . | . . . . . . Terrain Destroyed 10 | . . . . . 10 Melee . | . . . . . . Projectile 10 | . . . . . 10 AOE . | . . . . . . Terrain Rammed . | . . . . . . Walls Destroyed . | . . . . . . Machines Disabled . | . . . . . . Actions | -11 -10 -10 -10 -9 -8 --------- Run | Yrd Mat Min Exi Min Mat Total 1124 | 143 76 211 312 54 328 Wait 50 | . . 11 . 2 37 Move 910 | 103 68 177 308 51 203 Hop . | . . . . . . Pick Up 20 | 7 4 2 1 1 5 Fast Attach 10 | 7 . . . . 3 Attach 9 | . . . 3 . 6 Detach 1 | . . . . . 1 Swap 6 | 1 3 . . . 2 Drop 4 | 2 1 . . . 1 Fire 101 | 23 . 21 . . 57 Melee 1 | . . . . . 1 Ram 2 | . . . . . 2 Kick . | . . . . . . Crush 10 | . . . . . 10 Escape Stasis . | . . . . . . Rewire . | . . . . . . Trap . | . . . . . . Miscellaneous . | . . . . . . Route ------- -11/Scrapyard -10/Materials -10/Mines (discovered 2 exits: [*Mat] / *Exi) -10/Exiles -9/Mines -8/Materials History --------- Turn | Location | Event 6 | -11/Scrapyard | Discovered new exit (range 14) 239 | -11/Scrapyard | Entered Materials 304 | -10/Materials | Build established: Mutant 348 | -10/Materials | Discovered new exit (range 7) 357 | -10/Materials | Entered Mines 358 | -10/Mines | Assembled infested the area 416 | -10/Mines | Discovered new exit (range 9) 627 | -10/Mines | Identified exit to Exiles 711 | -10/Mines | Deemed a non-threat by the Exiles lab entrance 727 | -10/Mines | Entered Exiles 751 | -10/Exiles | Met 8R-AWN 752 | -10/Exiles | Lost 5 parts (1p2n2w) 763 | -10/Exiles | Met EX-HEX 792 | -10/Exiles | Met EX-DEC 810 | -10/Exiles | Learned location of Zion (-7) 824 | -10/Exiles | Met EX-BIN 841 | -10/Exiles | Aligned with FarCom system 842 | -10/Exiles | Given EX-Vault access code 867 | -10/Exiles | Opened EX-Vault 880 | -10/Exiles | Found Chronowheel 897 | -10/Exiles | Warned to stay clear of 0b10 Research branches 962 | -10/Exiles | Discovered new exit (range 10) 969 | -10/Exiles | Left Exiles lab with Chronowheel 969 | -10/Exiles | Entered Mines 986 | -9/Mines | A weapon hastily lodged in a ceiling crevice suddenly fell to the ground 1006 | -9/Mines | Discovered new exit (range 7) 1012 | -9/Mines | Entered Materials 1012 | -8/Materials | Evolved 4 slots: Propulsion x2, Utility x2 1268 | -8/Materials | Core integrity fell below 50% 1456 | -8/Materials | Self-destructed Last Messages --------------- 01400_ Acquired 3 matter. 01400_ R-06 Scavenger collects Structural Scanner. 01401_ K-01 Serf collects debris. 01414_ Slammed into G-47 Trooper. 01419_ Destroyed Lgt. Nuclear Core. 01425_ U-05 Engineer builds a Door. 01427_ Lgt. Nuclear Core destroyed. 01428_ G-47 Trooper Aluminum Leg blasted off. 01428_ G-47 Trooper destroyed. 01428_ K-01 Serf collects debris. 01430_ U-05 Engineer builds a Wall. 01431_ K-01 Serf collects debris. 01432_ Slammed into K-01 Serf. 01433_ Acquired 1 matter. 01434_ Slammed into U-05 Engineer. 01435_ Acquired 1 matter. 01436_ Slammed into K-01 Serf. 01443_ ALERT: Hostiles spotted, dispatching reinforcements to Terminal M010. 01455_ W-25 Informer sends out distress signal. Map ----- +----------------------------------------------------+ | ?????????????????????????????????????????????????? | | ?????????????????????????????????????????????????? | | ?????????????????????????????????????????????????? | | ?????????????????????????????????????????????????? | | ?????????????????????????????????????????????????? | | ?????????????????????????????????????????????????? | | ?????????????????????????????????????????????????? | | ?????????????????????????????????????????????????? | | ?????????????????????????????????????????????????? | | ?????????????????????????????????????????????????? | | ????????????????????????? ???????????????????????? | | ?????????????????????????a???????????????????????? | | ???????????#????????????? ???????????????????????? | | ???????????????????????#? ???????????????????????? | | ????????????????????????? ???????????????????????? | | ??????????????????????Y?? ???????????????????????? | | ????????????????????????? #??????????????????????? | | ????????????????????????# #?????????"????????????? | | ?????????????g??? ??????# #??????????????????????? | | ???????????g???????? ??## #????#?????????????????? | | ??????????????########### #?? #?????????????????? | | ??????????????# # # ?? #?????????????????? | | ??????????????# # #?? #?????????????????? | | ??????????????# # #? #??? ??????????? | | ??????????????# #w# / ???w?????????? | | ???????????? ?########+##@# #?????????????????? | | ???????? + + #?????????????????? | | ???????????????########## # #?????????????????? | | ????????????????????????# #???##?????????????????? | | ?????????? ??????????#?##u#?? #?????????????????? | | ?????????????????######?# #? #?????????????????? | | ?????????????????# ! #k# #?????????????????? | | ?????????????????# #=# #????"????????????? | | ???????????????#?# """ %/k/% #?????????????????? | | ???????????#????## """ # # #??? ?????????????? | | ?????????????????# """ # # #?????????????????? | | ??????????????#??# # #? ##??#?????????????? | | ?????????????????######?# #?? #?????????????????? | | ????????????????????????#k#???##?????????????????? | | ????????????????????????# #?????#?##?????????????? | | ???????????#??????#???#?# #??????#??#????????????? | | ????????????#??????????## ###????#######?????????? | | ???????????????????#???## ##??#??# #?????????? | | ??????????????#???????###w####?#?# #?????????? | | ????????????????????#??##=%%!##??# ! #?????????? | | ????????????????#?#???### %| !#??# !%#?????????? | | ???????????#????????#???# * !#??# %%#?????????? | | ?????????#??#??#???#????# !#??### ### ????????? | | ????????????????????????# !#????# #???????????? | | ??????????????????#####?# !##????# #???????????? | +----------------------------------------------------+ Best States ------------- Heat Dissipation 31 Energy Generation 14 Energy Capacity 250 Matter Stores 300 Matter Capacity 300 Sight Range 16 Terrain Scan Range 16 Terrain Scan Density 10 Evasion (%) 49 Recoil Reduction 2 Item Schematics ----------------- None Robot Schematics ------------------ None Fabricated ------------ Nothing Repaired ---------- Nothing Alien Tech Used ----------------- None Achievements -------------- None Challenges ------------ None Game ------ Seed EtherialLayeredRifle Manual? 0 Play Time 00:09:58 Cumulative 134.6 hours Start 2025.07.06 @ 01:38:32 End 2025.07.07 @ 18:38:47 Sessions 3 Manual Loads 0 Difficulty Rogue Special Mode None Game No. 356 Rogue 356 Adventurer 0 Explorer 0 Win Type - Total 3 Types 2/0/1/0/0/0/0/0/0/0 Lore% 65 Gallery% 54 Achievement% 46 Wizard Run 0 Options --------- Layout 0 ASCII 0 Keyboard 0 Movement Numpad Keybinds 0 Fullscreen 2 Font 18/Terminus Map View 76x50 Zoom Use 0% Tactical HUD 1 Map Filters NONE Filters NONE Steam 1 RUN: 63607dec-bb2a-4d87-b6d8-56d8625545a4